 Dungeon Crawl Stone Soup version 0.28.0-53-g5a82cb258f (webtiles) character file.

Game seed: 3018631529473124268

227 Peloso the Shield-Bearer (level 5, 0/41 (47) HPs)
             Began as a Minotaur Fighter on May 21, 2022.
             Slain by a wight
             ... wielding a +1 great sword
              (1 damage)
             ... on level 3 of the Dungeon.
             The game lasted 00:03:24 (2813 turns).

Peloso the Shield-Bearer (Minotaur Fighter)         Turns: 2813, Time: 00:03:25

HP:   0/41 (47)     AC: 13    Str: 20    XL:     5   Next: 70%
MP:   4/4           EV:  6    Int:  5    God:
Gold: 108           SH:  5    Dex: 12    Spells: 4/4 levels left

rFire   . . .      SeeInvis .   a - +2 scimitar (freeze)
rCold   . . .      Faith    .   c - +0 buckler
rNeg    + . .      Spirit   .   i - +0 plate armour
rPois   .          Reflect  .   (helmet restricted)
rElec   .          Harm     .   e - +0 cloak
rCorr   .          Rampage  .   (no gloves)
Will    .....                   (no boots)
Stlth   ..........              (no amulet)
HPRegen 0.13/turn               g - ring of positive energy
MPRegen 0.09/turn               (no ring)

@: heavily drained
A: horns 2, retaliatory headbutt
a: no special abilities


You were on level 3 of the Dungeon.
You visited 1 branch of the dungeon, and saw 4 of its levels.

You collected 120 gold pieces.
You spent 12 gold pieces at shops.

Inventory:

Hand Weapons
 a - a +2 scimitar of freezing (weapon)
Armour
 b - a +0 scale mail
 c - a +0 buckler (worn)
 e - a +0 cloak (worn)
 i - a +0 plate armour (worn)
Jewellery
 g - a ring of positive energy (left hand)
Scrolls
 h - 3 scrolls of identify {unknown}
 j - 2 scrolls of enchant armour {unknown}
Potions
 d - a potion of might
 f - 2 potions of curing {unknown}


   Skills:
 + Level 4.8 Fighting
 + Level 4.5 Long Blades
 + Level 4.7 Armour
 + Level 1.0 Dodging
 + Level 0.1 Stealth
 + Level 4.8 Shields


You had 4 spell levels left.
You didn't know any spells.
Your spell library contained the following spells:

 Spells                   Type           Power      Damage    Failure   Level
 Ignite Poison            Fire/Tmut/Pois 0%         N/A       100%        3
 Mephitic Cloud           Conj/Pois/Air  0%         N/A       100%        3
 Freezing Cloud           Conj/Ice/Air   0%         6-21      100%        5


Dungeon Overview and Level Annotations

Branches:
Dungeon (4/15)
 Temple: D:4-7

Altars:
Gozag
Hepliaklqana
Sif Muna

Shops:
D:1 !   D:2 (

Annotations:
D:2 1 runed translucent door, Crazy Yiuf


Innate Abilities, Weirdness & Mutations

You have a pair of horns on your head.
You reflexively headbutt those who attack you in melee.


Message History

Things that are here:
a +2 scimitar of freezing; a +0 robe You are now empty-handed.
You drop a +0 long sword.
Things that are here:
a +2 scimitar of freezing; a +0 robe
a - a +2 scimitar of freezing Your +2 scimitar of freezing glows with a cold blue light!
a - a +2 scimitar of freezing (weapon)
You start resting.
HP restored.
There is a stone staircase leading down here.
You climb downwards.
The centaur skeleton hits you but does no damage.
The centaur skeleton kicks you but does no damage.
The wight hits you with a +1 great sword!
You partially resist.
You feel drained. The wight hits you but does no damage.
The centaur skeleton hits you but does no damage.
The centaur skeleton completely misses you.
You block the wight's attack. The wight closely misses you.
There is a stone staircase leading up, spattered with blood here.
The hound barks!
The centaur skeleton hits you but does no damage.
The centaur skeleton kicks you but does no damage.
The wight barely misses you. The wight hits you but does no damage.
The wight hits you with a +0 short sword.
You partially resist.
You feel drained.
You climb upwards.
There is a stone staircase leading down here.
You closely miss the wight.
The wight hits you with a +1 great sword!
The wight barely misses you.
You completely miss the wight.
The wight hits you with a +1 great sword.
The wight hits you but does no damage.
You hit the wight.
The wight is lightly damaged.
The wight hits you with a +1 great sword!
* * * LOW HITPOINT WARNING * * *
You partially resist.
You feel drained.
You die...

..#.#####..#.#.###.#
...........#....##.#
.......##.......##.#
...#...###.##...##<#
.###...#...###..##.#
.####'##...#.......#######
.#.........'...).>[......#
.#.........#.#.[z#.#######
.#.........#.#..@#.#
...........#.#.#z#.#
........####+#.#.#.######
..###...#......#.#......#
..#######......#.#.####.#
..##...##.....##.#.##.#.####
..##..........##...........#
..##..........##+#.##.#.##.#
..##...............##.#.##.#


You could see 2 wights.

Vanquished Creatures
  A wight (D:3)
  An orc priest (D:3)
  5 gnolls
  5 adders
  A dart slug (D:3)
  9 orcs (D:3)
  5 endoplasms
  A giant cockroach (D:3)
  5 goblins
  5 hobgoblins
  7 kobolds
  A quokka (D:1)
  2 ball pythons (D:1)
  4 bats
  3 frilled lizards
  9 rats
64 creatures vanquished.

Vanquished Creatures (others)
  A plant (D:2)
1 creature vanquished.

Grand Total: 65 creatures vanquished

Notes
Turn   | Place    | Note
-------+----------+-------------------------------------------
     0 | D:1      | Peloso the Minotaur Fighter began the quest for the Orb.
     0 | D:1      | Reached XP level 1. HP: 19/19 MP: 0/0
    94 | D:1      | Reached XP level 2. HP: 26/27 MP: 1/1
   141 | D:1      | Found Wyunack's Distillery.
   144 | D:1      | Bought a potion of degeneration for 12 gold pieces
   626 | D:1      | Reached XP level 3. HP: 33/33 MP: 2/2
  1243 | D:2      | Found Gayveg's Antique Weapon Emporium.
  1245 | D:2      | Found an opulent altar of Gozag.
  1333 | D:2      | Found a runed translucent door.
  1334 | D:2      | Noticed Crazy Yiuf
  1601 | D:3      | Reached XP level 4. HP: 29/40 MP: 3/3
  1860 | D:3      | Reached XP level 5. HP: 32/47 MP: 4/4
  1981 | D:3      | Reached skill level 1 in Dodging
  2444 | D:3      | Found a hazy altar of Hepliaklqana.
  2445 | D:3      | Found a shimmering blue altar of Sif Muna.
  2813 | D:3      | HP: 1/43 [wight/+1 great sword (13)]
  2813 | D:3      | Slain by a wight

Illustrated notes

Levels and vault maps discovered:
D:1:      minmay_arrival_shattered_statue, layout_loops_ring, serial_shops, shop
D:2:      layout_rooms, serial_shops, nicolae_shop_overgrown_old_shop,
          basic_altar, uniq_crazy_yiuf_cottage
D:3:      layout_basic, gammafunk_temple_overflow_pools
D:4:      layout_gridville

Skill      XL: |  1  2  3  4  5 |
---------------+----------------+-----
Shields        | 4 |  4.8
Fighting       | 4 |  4.8
Armour         | 4 |  4.7
Long Blades    | 3 4 |  4.5
Dodging        | 1 |  1.0
Stealth        | |  0.1

Action                   |  1- 3 |  4- 6 || total
-------------------------+-------+-------++-------
Melee: Long sword        |    63 |    55 ||   118
       Headbutt          |     8 |    13 ||    21
       Scimitar          |       |     3 ||     3
  Use: Scroll            |     1 |       ||     1
Armor: Scale mail        |    26 |       ||    26
       Plate armour      |     4 |    45 ||    49
Dodge: Dodged            |    21 |    35 ||    56
Block: Buckler           |    12 |    18 ||    30
